 Dungeon Crawl Stone Soup version 0.23.2-40-g277498a001 (webtiles) character file.

Game seed: 7786576950268236674

2507 Descartes the Sneak (level 9, -3/45 HPs)
             Began as a Vine Stalker Warper on Sept 15, 2019.
             Slain by a black bear (5 damage)
             ... on level 6 of the Dungeon.
             The game lasted 00:25:01 (6580 turns).

Descartes the Sneak (Vine Stalker Warper)           Turns: 6580, Time: 00:25:01

Health: -3/45      AC:  5    Str: 21    XL:     9   Next: 53%
Magic:  0/14       EV: 11    Int: 13    God:
Gold:   272        SH:  9    Dex: 15    Spells: 12/16 levels left

rFire    + . .     SeeInvis .   N - +1 scimitar (holy)
rCold    . . .     Gourm    .   F - +0 shield
rNeg     . . .     Faith    .   y - +1 robe {MR+}
rPois    .         Spirit   +   D - +2 hat
rElec    +         Reflect  .   (no cloak)
rCorr    .         Harm     .   (no gloves)
MR       ++...     Clarity  +   (no boots)
Stlth    ++++......             B - amulet of regeneration
HPRegen  0.95/turn              h - +1 ring of slaying
MPRegen  0.14/turn              H - ring of protection from fire

@: mighty
A: fangs 3, talons 1, blink, clarity, low mp 1, regeneration 1, electricity
resistance, magic shield, antimagic bite, no potion heal 3, rot immunity
a: Blink


You were on level 6 of the Dungeon.
You were not hungry.

You visited 1 branch of the dungeon, and saw 9 of its levels.

You collected 330 gold pieces.
You spent 58 gold pieces at shops.

Inventory:

Hand Weapons
 t - a +1 hunting sling of velocity
 C - a +1 whip of electrocution
 N - a +1 scimitar of holy wrath (weapon)
Missiles
 c - 58 arrows
 e - 5 tomahawks of dispersal (quivered)
 p - 196 stones
 q - 50 bolts
 x - 21 tomahawks
 z - 29 poisoned needles
 M - 7 steel tomahawks
Armour
 b - a +0 leather armour
 n - a +0 ring mail
 y - a +1 robe of magic resistance (worn)
 D - a +2 hat (worn)
 F - a +0 shield (worn)
 O - a +0 plate armour
Magical Staves
 E - an uncursed staff of conjuration
Jewellery
 h - a +1 ring of slaying (left hand)
 B - an amulet of regeneration (around neck)
 H - a ring of protection from fire (right hand)
Wands
 A - a wand of polymorph (8)
 P - a wand of disintegration (11)
Scrolls
 a - a scroll of vulnerability {unknown}
 d - 2 scrolls of blinking
 g - 2 scrolls of magic mapping
 k - 5 scrolls of teleportation
 m - 2 scrolls of fear {unknown}
 o - 4 scrolls of remove curse {unknown}
 u - 3 scrolls of enchant weapon {unknown}
 v - 3 scrolls of enchant armour {unknown}
 w - 4 scrolls of immolation {unknown}
 I - 2 scrolls of amnesia {unknown}
 J - 5 scrolls of identify
 L - a scroll of noise
Potions
 i - a potion of resistance {unknown}
 r - a potion of might
 s - a potion of invisibility {unknown}
 G - a potion of lignification {unknown}
 K - a potion of mutation
Comestibles
 f - 19 rations


   Skills:
 + Level 3.9 Fighting
 + Level 3.8 Long Blades
 - Level 0.8 Throwing
 - Level 3.1 Armour
 - Level 3.5 Dodging
 * Level 7.1 Stealth
 * Level 2.7 Shields
 + Level 3.7 Unarmed Combat
 + Level 4.2 Spellcasting
 + Level 3.3 Charms
 + Level 4.6 Translocations


You had 12 spell levels left.
You knew the following spells:

 Your Spells              Type           Power        Failure   Level  Hunger
a - Shroud of Golubria    Chrm/Tloc      ##........   28%         2    ##.....
b - Blink                 Tloc           N/A          22%         2    ##.....

Your spell library contained the following spells:

 Spells                   Type           Power        Failure   Level  Hunger
 Gell's Gravitas          Tloc           ##........   38%         3    ###....
 Lesser Beckoning         Tloc           ##........   38%         3    ###....
 Teleport Other           Tloc           ##......     38%         3    ###....
 Corona                   Hex            #......      69%         1    None
 Passage of Golubria      Tloc           N/A          80%         4    ####...
 Ensorcelled Hibernation  Hex/Ice        #.....       83%         2    ##.....
 Confuse                  Hex            #.......     96%         3    ###....
 Dazzling Spray           Conj/Hex       #.....       96%         3    ###....
 Tukima's Dance           Hex            #.......     96%         3    ###....


Dungeon Overview and Level Annotations

Branches:
Dungeon (9/15)
 Temple: D:4-7         Lair: D:8-11         Orc: D:9-12

Altars:
Gozag
Makhleb
Okawaru
Uskayaw
Xom
Yredelemnul
The Shining One

Shops:
D:6 (=*=   D:7 ?

Annotations:
D:6 Blork the orc
D:8 2 runed translucent doors


Innate Abilities, Weirdness & Mutations

You have razor-sharp teeth.
Your natural rate of healing is unusually fast.
When hurt, damage is shared between your health and your magic reserves.
Your bite disrupts and absorbs the magic of your enemies.
Potions cannot restore your health.
You are immune to rotting.
You have sharp toenails.
You can translocate small distances at will.
You possess an exceptional clarity of mind.
Your magical capacity is low. (-10% MP)
You are resistant to electric shocks. (rElec)


Message History

The black bear claws you but does no damage.
You completely miss the black bear. You claw the black bear!
The black bear is almost dead.
You feel sick. You block the worker ant's attack.
The black bear goes berserk!
You completely miss the black bear.
The black bear is almost dead.
You feel sick. The worker ant bites you.
* * * LOW HITPOINT WARNING * * *
The black bear bites you!
* * * LOW HITPOINT WARNING * * *
The black bear claws you but does no damage.
The black bear claws you.
* * * LOW HITPOINT WARNING * * *
The worker ant bites you.
* * * LOW HITPOINT WARNING * * *
The black bear barely misses you. You block the black bear's attack.
The black bear misses you.
Your system rejects the healing.
You feel better. You block the black bear's attack. The black bear claws you.
You die...

# #.#.###.....#
#..∩.⌠.∩.....††...#
#.#.#.#.#......>..#
#!.⌠...⌠..........#
#.#.#.#.#.......###
##..∩.⌠.∩...######
#..#.#.#.#..#
#......h....#
#.....@ah...#
#############


You could see a black bear (berserk), a worker ant and a jackal.

Vanquished Creatures
  A hippogriff (D:8)
  Sigmund (D:3)
  An orc warrior (D:9)
  An ice beast (D:8)
  A sky beast (D:7)
  A black bear (D:7)
  2 phantoms
  An ogre (D:8)
  A centaur (D:5)
  3 bullfrogs
  A scorpion (D:8)
  5 howler monkeys
  A crimson imp (D:8)
  A bullfrog zombie (D:5)
  3 hounds
  2 jellies (D:7)
  5 orc priests
  A bullfrog skeleton (D:5)
  2 iguanas
  8 orc wizards
  4 worker ants
  4 gnolls
  9 adders
  A shadow imp (D:5)
  2 oozes
  An adder skeleton (D:4)
  6 worms
  3 dart slugs
  7 leopard geckos
  31 orcs
  A ball python (D:4)
  7 bats
  5 giant cockroaches
  9 goblins
  9 hobgoblins
  2 jackals (D:6)
  5 quokkas
  A frilled lizard (D:5)
  8 kobolds
  A leopard gecko skeleton (D:5)
  4 rats
162 creatures vanquished.

Notes
Turn   | Place    | Note
-------+----------+-------------------------------------------
     0 | D:1      | Descartes the Vine Stalker Warper began the quest for the
                  | Orb.
     0 | D:1      | Reached XP level 1. HP: 11/11 MP: 4/4
   347 | D:1      | Reached skill level 1 in Stealth
   347 | D:1      | Reached XP level 2. HP: 8/15 MP: 6/6
   477 | D:1      | Reached skill level 1 in Armour
   801 | D:1      | Reached XP level 3. HP: 14/18 MP: 5/7
  1116 | D:1      | Learned a level 2 spell: Shroud of Golubria
  1119 | D:1      | Learned a level 2 spell: Blink
  1331 | D:2      | Reached skill level 2 in Stealth
  1615 | D:2      | Gained mutation: Your natural rate of healing is unusually
                  | fast. [Vine Stalker growth]
  1615 | D:2      | Reached XP level 4. HP: 22/23 MP: 8/8
  1668 | D:2      | Reached skill level 1 in Unarmed Combat
  1890 | D:2      | Reached XP level 5. HP: 20/26 MP: 9/9
  2024 | D:2      | HP: 1/26 [orc/+0 hand axe (2)]
  2127 | D:3      | HP: 1/26 [quokka (1)]
  2198 | D:3      | Found a hide-covered altar of Uskayaw.
  2198 | D:3      | Found an iron altar of Okawaru.
  2240 | D:3      | Noticed Sigmund
  2254 | D:3      | Killed Sigmund
  2254 | D:3      | Reached skill level 3 in Stealth
  2254 | D:3      | Reached skill level 1 in Charms
  2254 | D:3      | Reached XP level 6. HP: 30/32 MP: 11/11
  2280 | D:3      | Gained mutation: You have sharp toenails. [potion of
                  | mutation]
  2280 | D:3      | Gained mutation: Your body sometimes deteriorates upon
                  | taking damage. [potion of mutation]
  2280 | D:3      | Gained mutation: Your magical capacity is low. (-10% MP)
                  | [potion of mutation]
  2280 | D:3      | Gained mutation: You possess an exceptional clarity of
                  | mind. [potion of mutation]
  2923 | D:3      | Reached XP level 7. HP: 8/35 MP: 2/11
  2968 | D:3      | Reached skill level 4 in Stealth
  3299 | D:4      | Found a basalt altar of Yredelemnul.
  3651 | D:4      | Lost mutation: Your body sometimes deteriorates upon taking
                  | damage. [potion of mutation]
  3651 | D:4      | Lost mutation: You possess an exceptional clarity of mind.
                  | [potion of mutation]
  3651 | D:4      | Gained mutation: You are resistant to electric shocks.
                  | (rElec) [potion of mutation]
  3651 | D:4      | Gained mutation: You possess an exceptional clarity of
                  | mind. [potion of mutation]
  3651 | D:4      | Gained mutation: You can translocate small distances at
                  | will. [potion of mutation]
  3705 | D:4      | Found a glowing golden altar of the Shining One.
  4026 | D:5      | Entered Level 5 of the Dungeon
  4055 | D:5      | Found a burning altar of Makhleb.
  4128 | D:5      | Found a shimmering altar of Xom.
  4129 | D:5      | Found a shimmering altar of Xom.
  4133 | D:5      | Found a shimmering altar of Xom.
  4134 | D:5      | Found a shimmering altar of Xom.
  4135 | D:5      | Found a shimmering altar of Xom.
  4295 | D:5      | Gained mutation: You have razor-sharp teeth. [Vine Stalker
                  | growth]
  4295 | D:5      | Reached XP level 8. HP: 40/40 MP: 12/12
  4352 | D:5      | Reached skill level 5 in Stealth
  4639 | D:5      | You fall through a shaft for 3 floors!
  4674 | D:7      | Noticed a hippogriff
  4995 | D:7      | Found Zoab's Magic Scroll Boutique.
  5002 | D:7      | Bought a scroll of noise for 13 gold pieces
  5002 | D:7      | Bought a scroll of magic mapping for 45 gold pieces
  5057 | D:7      | Reached skill level 1 in Shields
  5208 | D:7      | Reached skill level 6 in Stealth
  5324 | D:7      | Found an opulent altar of Gozag.
  5426 | D:6      | Found Ucus's Jewellery Emporium.
  5426 | D:6      | Found Keugaudd's General Store.
  5463 | D:7      | Reached XP level 9. HP: 31/44 MP: 14/14
  5504 | D:6      | Noticed Blork the orc
  5508 | D:6      | You fall through a shaft for 2 floors!
  5987 | D:8      | Found a runed translucent door.
  5993 | D:8      | Found a runed translucent door.
  6272 | D:8      | Reached skill level 7 in Stealth
  6571 | D:6      | Found Itridoef's Jewellery Emporium.
  6571 | D:6      | Found Qopiteass's Weapon Emporium.
  6579 | D:6      | HP: 1/45 [worker ant (2)]
  6580 | D:6      | Slain by a black bear

Skill      XL: |  1  2  3  4  5  6  7  8  9 |
---------------+----------------------------+-----
Stealth        | 1 2 3 4 6 7 |  7.1
Armour         | 1 2 3 |  3.1
Fighting       | 2 3 |  3.9
Long Blades    | 2 3 |  3.8
Unarmed Combat | 1 2 3 |  3.7
Dodging        | 2 3 |  3.5
Charms         | 1 2 3 |  3.3
Spellcasting   | 3 4 |  4.2
Translocations | 4 |  4.6
Shields        | 1 2 |  2.7
Throwing       | |  0.8

Action                   |  1- 3 |  4- 6 |  7- 9 || total
-------------------------+-------+-------+-------++-------
Melee: Falchion          |    92 |   137 |   240 ||   469
       Bite              |    27 |    45 |   104 ||   176
       Punch             |     2 |       |     2 ||     4
       Kick              |       |    22 |    94 ||   116
       Scimitar          |       |       |    60 ||    60
 Cast: Shroud of Golubri |       |    11 |    13 ||    24
 Abil: Blink             |       |       |     4 ||     4
  Use: Scroll            |       |     4 |       ||     4
       Potion            |       |     1 |     4 ||     5
 Stab: Sleeping          |     2 |     2 |     9 ||    13
       Distracted        |       |       |     2 ||     2
  Eat: Chunk             |     2 |     5 |    14 ||    21
Armor: Leather armour    |    41 |     9 |       ||    50
       Robe              |       |    17 |    58 ||    75
Dodge: Dodged            |    68 |    89 |   192 ||   349
Block: Shield            |       |       |    75 ||    75
       Rpst.: Falchion   |    24 |    27 |    53 ||   104
       Scimitar          |       |       |    13 ||    13
